 Dungeon Crawl Stone Soup version 0.30.1-6-gbe392663c4 (webtiles) character file.

Game seed: 8170597749873731721

34066 McKennaii the Devastator (level 13, 0/86 HPs)
             Began as a Demigod Conjurer on Sept 2, 2023.
             Shot with a bolt by a yaktaur (27 damage)
             ... on level 15 of the Dungeon on Sept 20, 2023.
             The game lasted 00:36:23 (21427 turns).

McKennaii the Devastator (Demigod Conjurer)        Turns: 21427, Time: 00:36:23

Health: 0/86       AC: 14    Str:  8    XL:     13   Next: 10%
Magic:  30/36      EV: 11    Int: 36    God:
Gold:   638        SH:  0    Dex: 12    Spells: 29/39 levels left

rFire   . . .        K - staff of air
rCold   . . .        (no shield)
rNeg    + . .        N - +0 acid dragon scales
rPois   +            m - +2 helmet
rElec   +            T - +2 cloak {rPois}
rCorr   +            y - +1 pair of gloves
SInv    .            (no boots)
Will    +....        R - amulet of regeneration
Stlth   +            w - ring of positive energy
HPRegen 1.14/turn    I - ring of flight
MPRegen 0.25/turn

%: no passive effects
@: about to teleport, flying
A: high MP 1, forlorn, divine attributes
a: no special abilities


You were on level 15 of the Dungeon.
You visited 1 branch of the dungeon, and saw 15 of its levels.

You collected 1038 gold pieces.
You spent 400 gold pieces at shops.

Inventory:

Hand Weapons
 u - a +2 dagger of venom
Armour
 m - a +2 helmet (worn)
 y - a +1 pair of gloves (worn)
 N - +0 acid dragon scales (worn)
 T - a +2 cloak of poison resistance (worn)
Magical Staves
 G - a staff of cold
 K - a staff of air (weapon)
Jewellery
 c - a +4 ring of slaying
 q - a ring of fire
 w - a ring of positive energy (left hand)
 I - a ring of flight (right hand)
 Q - a ring of ice
 R - an amulet of regeneration (around neck)
Wands
 a - a wand of flame (14)
 B - a wand of digging (6)
 E - a wand of polymorph (16)
 J - a wand of charming (11)
 M - a wand of quicksilver (5)
Scrolls
 e - a scroll of magic mapping
 f - 2 scrolls of enchant armour
 g - 6 scrolls of teleportation
 k - a scroll of blinking
 n - 2 scrolls of poison
 v - 4 scrolls of immolation
 x - a scroll of silence
 A - 4 scrolls of vulnerability {unknown}
 C - 2 scrolls of fear
 D - 6 scrolls of enchant weapon {unknown}
 F - 2 scrolls of butterflies {unknown}
 L - 4 scrolls of fog
 O - a scroll of amnesia {unknown}
Potions
 b - 2 potions of magic
 d - 2 potions of invisibility
 h - 2 potions of mutation
 i - 2 potions of heal wounds
 j - 3 potions of lignification
 l - 6 potions of brilliance
 o - a potion of might
 p - 3 potions of attraction
 r - 4 potions of curing
 s - a potion of cancellation {unknown}
 t - 2 potions of haste {unknown}
 z - 3 potions of resistance
 H - 2 potions of flight {unknown}
 S - a potion of degeneration {unknown}


   Skills:
 - Level 1.7 Dodging
 - Level 1.7 Stealth
 + Level 13.9 Spellcasting
 + Level 15.4 Conjurations


You had 29 spell levels left.
You knew the following spells:

 Your Spells              Type           Power      Damage    Failure   Level
a - Magic Dart            Conj           100%       1d8       0%          1
b - Searing Ray           Conj           100%       2d8       0%          2
c - Iskenderun's Mystic   Conj/Tloc      69%        2d14      1%          4
d - Stone Arrow           Conj/Erth      100%       3d13      1%          3

Your spell library contained the following spells:

 Spells                   Type           Power      Damage    Failure   Level
 Dazzling Flash           Conj/Hex       100%       N/A       1%          3
 Hailstorm                Conj/Ice       69%        3d14      1%          3
 Mephitic Cloud           Conj/Pois/Air  75%        N/A       1%          3
 Fulminant Prism          Conj/Hex       34%        3d15      1%          4
 Apportation              Tloc           50%        N/A       2%          1
 Freeze                   Ice            100%       1d10      2%          1
 Necrotise                Necr           100%       1d9       2%          1
 Sandblast                Erth           50%        2d12      2%          1
 Sting                    Tmut/Pois      100%       1d8       2%          1
 Irradiate                Conj/Tmut      34%        3d23      3%          5
 Ensorcelled Hibernation  Hex/Ice        50%        N/A       4%          2
 Passwall                 Tmut/Erth      20%        N/A       4%          2
 Poisonous Vapours        Pois/Air       74%        N/A       4%          2
 Frozen Ramparts          Ice            50%        1d8       9%          3
 Spider Form              Tmut/Pois      25%        N/A       9%          3
 Vampiric Draining        Necr           25%        2d7       9%          3
 Anguish                  Hex/Necr       12%        N/A       28%         4
 Olgreb's Toxic Radiance  Pois           25%        N/A       28%         4
 Agony                    Necr           25%        N/A       61%         5
 Alistair's Intoxication  Tmut/Pois      16%        N/A       61%         5


Dungeon Overview and Level Annotations

Branches:
Dungeon (15/15)            Temple (0/1) D:6            Lair (0/5) D:10
    Orc (0/2) D:11         Vaults (0/5) D:13
 Depths: D:15

Shops:
D:2 :   D:3 (   D:11 *   D:13 **?(


Innate Abilities, Weirdness & Mutations

You have an increased reservoir of magic. (+10% MP)
You shall have no god before yourself.
Your divine heritage dramatically boosts your attributes as you level up.


Message History

Aiming: Stone Arrow (safe; 1% risk of failure)
Press: ? - help, Shift-Dir - straight line, f/p - manticore
Aim: a manticore (severely wounded, 87% to hit)
The stone arrow hits the manticore!!
You kill the manticore!
Unknown command.
You carefully extract the barbed spikes from your body.
HP restored.
A yaktaur comes into view.
The yaktaur shouts!
You hear a roar!
You hear a shout!
You hear a croak.
A cane toad comes into view.
The yaktaur wields a +0 arbalest.
The yaktaur shoots a bolt.
The bolt hits you!!
You hear a shout!
You start resting.
A yaktaur comes into view.
Casting: Stone Arrow (safe; 1% risk of failure)
Confirm with . or Enter, or press ? or * to list all spells.
Aiming: Stone Arrow (safe; 1% risk of failure)
Press: ? - help, Shift-Dir - straight line, f - yaktaur
Aim: a yaktaur, wielding a +0 arbalest (95% to hit)
The stone arrow hits the yaktaur!
The yaktaur is moderately wounded.
The yaktaur shoots a bolt.
The bolt hits you!!
The yaktaur wields a +0 arbalest.
The yaktaur shoots a bolt.
The bolt closely misses you.
You hear a shout!
Casting: Stone Arrow (safe; 1% risk of failure)
Confirm with . or Enter, or press ? or * to list all spells.
Aiming: Stone Arrow (safe; 1% risk of failure)
Press: ? - help, Shift-Dir - straight line, f/p - yaktaur
Aim: a yaktaur, wielding a +0 arbalest (moderately wounded, 95% to hit)
The stone arrow hits the yaktaur!!
The yaktaur is almost dead.
The yaktaur shoots a bolt.
The bolt hits you!!
Unknown command.
Unknown command.
As you read the scroll of teleportation, it crumbles to dust.
You feel strangely unstable.
The yaktaur shoots a bolt.
The bolt hits you!!
You die...

... .F. .. ..# .c
# ..##. # #.
....# c##
...##.#..##..##
......##.c$...#
... #..##.# .#
.... #..@.# .#
#..##.#..##.#
#....##....#
..##.^..##...#
..............###
...##....##.....#
#.
#....##....#....
#.#..##.#..##.#
##
....##....##..#


You could see 2 yaktaurs.

Vanquished Creatures
  Harold (D:11)
  5 centaur warriors
  3 hydras
  Erica (D:9)
  A boulder beetle (D:14)
  2 two-headed ogres (D:10)
  The ghost of jaiteiro the Covert, a journeyman VSBr of Trog (D:13)
  2 orc knights (D:13)
  5 deep elf pyromancers
  4 ugly things
  2 cyclopes
  4 manticores
  4 centaur zombies (D:11)
  4 molten gargoyles (D:13)
  3 gargoyles
  A komodo dragon (D:9)
  A rime drake (D:10)
  A rime drake (shapeshifter) (D:13)
  An efreet (D:13)
  An unseen horror (D:12)
  4 yaktaurs (D:13)
  A polar bear (D:10)
  3 meliai (D:13)
  5 trolls
  A hornet (D:7)
  A wolf spider simulacrum (D:15)
  5 slime creatures
  4 wraiths
  2 vampires (D:11)
  4 shadows (D:11)
  2 wyverns
  A two-headed ogre zombie (D:11)
  12 vampire mosquitoes
  A warg (D:13)
  2 acid dragons (D:10)
  The ghost of jacobus the Ruffian, an amateur TrCK of Xom (D:3)
  4 ice beasts (D:10)
  8 orc warriors
  3 black bears
  2 sky beasts
  A boggart (D:13)
  An ogre (D:6)
  A wolf (D:10)
  12 centaurs
  3 phantoms
  6 kobold brigands
  5 bullfrogs
  4 gnoll sergeants
  A scorpion (D:3)
  4 wights (D:7)
  A water moccasin skeleton (D:3)
  2 troll zombies (D:11)
  9 killer bees
  6 electric eels (D:10)
  A howler monkey (D:9)
  2 gnoll boudas
  2 jellies
  7 orc priests
  A hound (D:5)
  A bullfrog skeleton (D:3)
  A centaur skeleton (D:3)
  Jessica (D:3)
  Ijyb (D:3)
  Terence (D:2)
  A boggart zombie (D:11)
  2 iguanas (D:5)
  8 orc wizards
  3 sleepcaps (D:6)
  A killer bee zombie (D:3)
  5 ogre zombies (D:11)
  27 gnolls
  6 adders
  A shadow imp (D:6)
  5 white imps
  3 worms
  A dart slug (D:2)
  39 orcs
  11 endoplasms
  3 giant cockroaches
  5 hobgoblins
  7 jackals (D:4)
  30 kobolds
  5 bats
  3 frilled lizards
  7 goblins
  A goblin skeleton (D:11)
  4 goblin zombies (D:11)
  2 hobgoblin zombies (D:11)
  3 orc skeletons (D:11)
  15 orc zombies (D:11)
  5 rats
390 creatures vanquished.

Notes
Turn   | Place    | Note
-------+----------+-------------------------------------------
     0 | D:1      | McKennaii the Demigod Conjurer began the quest for the Orb.
     0 | D:1      | Reached XP level 1. HP: 14/14 MP: 5/5
   610 | D:1      | Reached XP level 2. HP: 20/20 MP: 5/7
  1208 | D:2      | Learned a level 2 spell: Searing Ray
  1239 | D:2      | Reached skill level 4 in Conjurations
  1546 | D:2      | Found Miakuiq's Book Shoppe.
  1855 | D:3      | Noticed a scorpion
  1865 | D:3      | Killed a scorpion
  1866 | D:3      | Reached XP level 3. HP: 26/26 MP: 0/10
  1866 | D:3      | Reached XP level 4. HP: 33/33 MP: 0/11
  1871 | D:3      | Learned a level 4 spell: Iskenderun's Mystic Blast
  1954 | D:3      | Found Orhaag's Antique Weapon Shop.
  1976 | D:3      | Upgraded the game from 0.30.1-4-g462c640d31 to
                  | 0.30.1-6-gbe392663c4
  2180 | D:3      | Noticed Jessica
  2183 | D:3      | Killed Jessica
  2185 | D:3      | Noticed Ijyb
  2438 | D:3      | Found a runed translucent gate.
  2438 | D:3      | Found a runed translucent gate.
  2438 | D:3      | Found a runed translucent gate.
  2439 | D:3      | Noticed jacobus's ghost (amateur TrCK)
  2721 | D:3      | Killed Ijyb
  2722 | D:3      | Reached skill level 5 in Conjurations
  2722 | D:3      | Reached XP level 5. HP: 38/38 MP: 0/13
  2908 | D:3      | Learned a level 3 spell: Stone Arrow
  2983 | D:3      | Killed jacobus's ghost
  2985 | D:3      | Reached XP level 6. HP: 24/45 MP: 2/15
  3247 | D:2      | Noticed Terence
  3250 | D:2      | Killed Terence
  3489 | D:4      | Reached skill level 6 in Conjurations
  3998 | D:4      | Reached XP level 7. HP: 50/50 MP: 11/17
  4531 | D:5      | Entered Level 5 of the Dungeon
  4652 | D:5      | Reached skill level 5 in Spellcasting
  5693 | D:6      | Reached skill level 7 in Conjurations
  6159 | D:6      | Reached XP level 8. HP: 57/57 MP: 8/20
  6246 | D:6      | You fall into a shaft and drop 2 floors!
  6642 | D:7      | Reached skill level 8 in Conjurations
  6777 | D:7      | Noticed a hornet
  6782 | D:7      | Killed a hornet
  7493 | D:6      | Reached XP level 9. HP: 59/62 MP: 8/24
  7685 | D:6      | Found a staircase to the Ecumenical Temple.
  7916 | D:7      | Reached skill level 9 in Conjurations
  9503 | D:9      | Noticed a cyclops
  9755 | D:9      | Reached skill level 10 in Conjurations
 10043 | D:9      | Noticed Erica
 10061 | D:9      | Killed Erica
 10493 | D:9      | Killed a cyclops
 10494 | D:9      | Reached XP level 10. HP: 68/69 MP: 14/27
 10744 | D:10     | Entered Level 10 of the Dungeon
 10744 | D:10     | Noticed a two-headed ogre
 11120 | D:10     | Noticed a two-headed ogre
 11137 | D:10     | Killed a two-headed ogre
 11138 | D:10     | Reached skill level 11 in Conjurations
 11366 | D:10     | Reached skill level 10 in Spellcasting
 11913 | D:10     | Killed a two-headed ogre
 12077 | D:10     | Found a staircase to the Lair.
 13140 | D:11     | Reached skill level 12 in Conjurations
 13140 | D:11     | Reached XP level 11. HP: 74/74 MP: 19/30
 13467 | D:11     | Noticed Harold
 13678 | D:11     | Killed Harold
 14642 | D:11     | Found a staircase to the Orcish Mines.
 14861 | D:11     | Found Loivoovo's Assorted Antiques.
 14869 | D:11     | Bought a potion of curing for 108 gold pieces
 14869 | D:11     | Bought a scroll of teleportation for 108 gold pieces
 14869 | D:11     | Bought a scroll labelled AFFIRE ETOLL for 36 gold pieces
 15110 | D:12     | Noticed an eight-headed hydra
 15494 | D:12     | Killed an eight-headed hydra
 15495 | D:12     | Reached skill level 13 in Conjurations
 16703 | D:13     | Found Jeshrevoi's Assorted Antiques.
 16709 | D:13     | Noticed a deep elf pyromancer
 16744 | D:13     | Noticed a deep elf pyromancer
 16780 | D:13     | Killed a deep elf pyromancer
 16951 | D:13     | Bought a scroll labelled UPAOSH BUBRY for 25 gold pieces
 16951 | D:13     | Bought a potion of curing for 75 gold pieces
 16967 | D:13     | Got Eringya's Secrets of the Evolved Snake
 17042 | D:13     | Noticed a centaur warrior
 17045 | D:13     | HP: 3/74 [centaur warrior/arrow (21)]
 17115 | D:13     | Killed a centaur warrior
 17385 | D:13     | Reached XP level 12. HP: 77/81 MP: 22/33
 17986 | D:13     | Reached skill level 14 in Conjurations
 18096 | D:13     | Found Qeraqal's General Store.
 18104 | D:13     | Bought a scroll of teleportation for 48 gold pieces
 18523 | D:13     | Noticed a centaur warrior
 18526 | D:13     | Killed a centaur warrior
 18710 | D:13     | Found Kerel's Weapon Emporium.
 18731 | D:13     | Found Cumasode's Magic Scroll Boutique.
 18842 | D:13     | Found a gate to the Vaults.
 18884 | D:13     | Found a runed translucent gate.
 18885 | D:13     | Found a runed translucent gate.
 18886 | D:13     | Found a runed translucent gate.
 18888 | D:13     | Noticed jaiteiro's ghost (journeyman VSBr)
 18933 | D:13     | Noticed a centaur warrior
 18938 | D:13     | Killed a centaur warrior
 19399 | D:13     | Identified the +7 battleaxe of Blood-Lust {freeze, rF+
                  | Dex+4 Stlth+}
 19686 | D:13     | Killed jaiteiro's ghost
 20125 | D:14     | Reached skill level 15 in Conjurations
 20235 | D:14     | Identified the +3 ring mail "Kixaz" {rF+ Str+3}
 20241 | D:14     | Noticed a five-headed hydra
 20247 | D:14     | Killed a five-headed hydra
 20578 | D:14     | Noticed a seven-headed hydra
 20582 | D:14     | Killed a seven-headed hydra
 20588 | D:14     | Noticed a boulder beetle
 20727 | D:14     | HP: 4/81 [boulder beetle (18)]
 20890 | D:14     | Noticed a centaur warrior
 20890 | D:14     | Noticed a centaur warrior
 20900 | D:14     | Killed a centaur warrior
 20901 | D:14     | Reached XP level 13. HP: 41/86 MP: 23/35
 21284 | D:15     | Entered Level 15 of the Dungeon
 21427 | D:15     | Shot with a bolt by a yaktaur

Illustrated notes

Levels and vault maps discovered:
D:1:      heliophobic_arrival_battle_scene, layout_basic, kennysheep_crisscross
D:2:      layout_basic, serial_shops, shop, uniq_terence
D:3:      layout_basic, gammafunk_ghost_necromancy, serial_shops, shop,
          uniq_jessica, uniq_ijyb
D:4:      layout_loops_corners
D:5:      layout_loops_ring, minitemple, minmay_misc_feat_columns
D:6:      layout_cave_pools, chequers_temple_overflow_statue_of_worship,
          nicolae_qazlal_beasts_of_the_sky, minmay_temple_entry_fiery,
          kennysheep_pointless_box, corexii_checkpoint_a
D:7:      layout_cave_pods
D:8:      layout_rooms, mainiacjoe_overflow_chevrons, ldierk_geyser
D:9:      layout_long_grid, old_standard_altar,
          mainiacjoe_overflow_catch_the_wave, uniq_erica
D:10:     layout_basic, mainiacjoe_overflow_alcove_4,
          mainiacjoe_overflow_cross_hatched, hellmonk_lair_entry_icy
D:11:     layout_irregular_city, zombieorc2_lemuel, serial_shops,
          nicolae_shop_waterfront, serial_undead, serial_undead_f,
          serial_undead_a, serial_undead_b, serial_undead_c,
          minmay_misc_feat_chi, uniq_harold
D:12:     layout_stronghold
D:13:     layout_basic, hangedman_vaults_entry_quadrant_bands, serial_shops,
          shop, shop, shop, kennysheep_mini_moat, biasface_ghost_orc_armoury,
          minivault_8
D:14:     layout_roguey
D:15:     grunt_enter_depths_snipers, layout_loops_corners, nicolae_wwwww,
          minmay_hidden_floor

Skill      XL: |  1  2  3  4  5  6  7  8  9 10 11 12 |
---------------+-------------------------------------+-----
Spellcasting   | 2 3 4 6 7 9 10 12 13 | 13.9
Conjurations   | 4 5 6 7 8 10 12 13 15 | 15.4
Dodging        | |  1.7
Stealth        | |  1.7

Action                     |  1- 3 |  4- 6 |  7- 9 | 10-12 | 13-15 || total
---------------------------+-------+-------+-------+-------+-------++-------
  Melee: Unarmed           |       |     2 |       |       |       ||     2
         Club              |       |     2 |       |       |       ||     2
         Staff             |       |       |       |    13 |       ||    13
   Cast: Magic Dart        |    52 |    82 |   165 |   196 |     3 ||   498
         Searing Ray       |     4 |    16 |    35 |    26 |       ||    81
         Stone Arrow       |       |       |    62 |   251 |    15 ||   328
         Iskenderun's Myst |       |       |    10 |    88 |     5 ||   103
  Evoke: Wand              |       |       |       |       |     4 ||     4
    Use: Scroll            |       |     2 |    14 |     9 |     1 ||    26
         Potion            |       |     1 |       |     2 |       ||     3
 Armour: Robe              |     1 |    12 |    15 |       |       ||    28
         Skin              |       |     2 |       |       |       ||     2
         Acid dragon scale |       |       |       |    75 |     1 ||    76
  Dodge: Dodged            |     5 |    20 |    48 |   115 |     1 ||   189
